 Dungeon Crawl Stone Soup version 0.30-a0-12-gd8047c6341 (webtiles) character file.

Game seed: 13870780713979846771

2924 Sobieck the Slicer (level 9, -2/47 HPs)
             Began as a Vine Stalker Gladiator on Aug 23, 2022.
             Was an Elder of Uskayaw.
             Slain by a killer bee (3 damage)
             ... on level 9 of the Dungeon.
             The game lasted 00:13:05 (5571 turns).

Sobieck the Slicer (Vine Stalker Gladiator)         Turns: 5571, Time: 00:13:06

Health: -2/47      AC:  6    Str: 16    XL:     9   Next: 79%
Magic:  0/12       EV: 14    Int:  8    God:    Uskayaw [****..]
Gold:   351        SH:  0    Dex: 33    Spells: 8/8 levels left

rFire   . . .      SeeInvis .    a - +0 rapier (elec) {short}
rCold   . . .      Faith    .    (no shield)
rNeg    . . .      Spirit   +    r - +0 leather armour
rPois   .          Reflect  .    c - +2 helmet
rElec   .          Harm     .    (no cloak)
rCorr   .          Rampage  .    (no gloves)
Will    +....                    (no boots)
Stlth   ++........               (no amulet)
HPRegen 0.95/turn                q - +6 ring of dexterity
MPRegen 0.13/turn                H - +6 ring of dexterity

@: lethally poisoned (-2 -> -3), studying Maces & Flails
A: fangs 3, regeneration 1, magic shield, antimagic bite, no potion heal 2
a: Renounce Religion, Stomp, Line Pass


You were on level 9 of the Dungeon.
You worshipped Uskayaw.
Uskayaw was noncommittal.
You visited 1 branch of the dungeon, and saw 8 of its levels.

You collected 351 gold pieces.


Innate Abilities, Weirdness & Mutations

You have razor-sharp teeth.
Your natural rate of healing is unusually fast.
When hurt, damage is shared between your health and your magic reserves.
Your bite disrupts and absorbs the magic of your enemies.
Potions cannot restore your health.


   Skills:
 - Level 5.0 Fighting
 - Level 9.0 Short Blades
 + Level 6.5 Ranged Weapons
 - Level 1.7 Throwing
 - Level 2.4 Dodging
 - Level 3.0 Invocations


You had 8 spell levels left.
You didn't know any spells.
Your spell library contained the following spells:

 Spells                   Type           Power      Damage    Failure   Level
 Confusing Touch          Hex            0%         N/A       85%         3
 Yara's Violent Unravell  Hex/Tmut       0%         3d3       100%        5
 Enfeeble                 Hex            0%         N/A       100%        7

Inventory:

Hand Weapons
 a - a +0 rapier of electrocution (weapon) {short}
 b - a +0 shortbow {bow}
   (You took it off a centaur on level 5 of the Dungeon)
 K - a +0 hand axe of flaming {axe}
   (You took it off an orc on level 5 of the Dungeon)
 L - a +0 sling
   (You found it on level 1 of the Dungeon)
Missiles
 d - 3 throwing nets {=f!fthrowing}
 e - a javelin {throwing}
 g - 50 stones {throwing}
 m - 4 boomerangs {throwing}
 p - 8 poisoned darts {throwing}
 G - 5 datura-tipped darts {throwing}
Armour
 c - a +2 helmet (worn)
 o - a +0 leather armour
   (You found it on level 1 of the Dungeon)
 r - a +0 leather armour (worn)
 t - a +0 chain mail
   (You found it on level 5 of the Dungeon)
 u - a +0 ring mail
   (You found it on level 2 of the Dungeon)
 v - a +0 leather armour
   (You found it on level 2 of the Dungeon)
 B - a +0 robe
   (You took it off Jessica on level 3 of the Dungeon)
 D - a +0 leather armour
   (You found it on level 3 of the Dungeon)
 F - a +0 robe
   (You found it on level 4 of the Dungeon)
 I - a +0 robe
   (You found it on level 4 of the Dungeon)
 N - a +0 robe
   (You took it off an orc wizard on level 5 of the Dungeon)
 O - a +0 robe
   (You took it off an orc wizard on level 5 of the Dungeon)
 S - a +1 hat
   (You found it on level 6 of the Dungeon)
 U - a +0 robe
   (You found it on level 6 of the Dungeon)
 W - a +0 leather armour
   (You found it on level 6 of the Dungeon)
 Y - a +0 leather armour
   (You took it off an orc on level 6 of the Dungeon)
 Z - a +0 leather armour
   (You took it off an orc on level 6 of the Dungeon)
Jewellery
 q - a +6 ring of dexterity (left hand)
   (You found it on level 1 of the Dungeon)
 H - a +6 ring of dexterity (right hand)
   (You found it on level 4 of the Dungeon)
Wands
 y - a wand of flame (18)
   (You found it on level 3 of the Dungeon)
 J - a wand of charming (30)
   (You found it on level 5 of the Dungeon)
Scrolls
 j - 5 scrolls of teleportation {@r4}
 k - a scroll of acquirement {unknown}
 n - a scroll of noise {unknown}
 x - 2 scrolls of vulnerability {!r!r}
 A - a scroll of magic mapping {unknown}
 M - a scroll of fog
 T - a scroll of amnesia {unknown}
 V - 2 scrolls of poison {!r}
 X - 3 scrolls of immolation {unknown}
Potions
 f - 5 potions of flight
 h - a potion of berserk rage {unknown}
 i - a potion of invisibility
 l - 2 potions of heal wounds {@q2}
 s - a potion of resistance
 w - 2 potions of mutation {!q}
 z - a potion of brilliance
 E - a potion of haste {unknown}
 P - a potion of ambrosia {unknown}
 Q - a potion of magic {unknown}
 R - 2 potions of curing {@q1}
Miscellaneous
 C - a piece from Xom's chessboard (15/15)
   (You found it on level 3 of the Dungeon)

Dungeon Overview and Level Annotations

Branches:
Dungeon (9/15) Zot: 26660  Temple (0/1) D:5
   Lair: D:8-11         Orc: D:9-12

Altars:
Cheibriados
Gozag
Kikubaaqudgha
Ru
Sif Muna
Uskayaw
Wu Jian
Xom

Annotations:
D:8 Erica

.........#.....#.........
.........#.....'.........
..........#.....#.........
..##......#....##......##.
..........#....#.......#..
..........#....#.......#..
..........#....#.......#..
.Y.......Y#.)..#...>...#..
.....Y.YY@##'###.....#.###
........Yyy....#.....#....
..#########....#.....#....
#....#.....#....
#....#.....#....
+....#.....#....
#....#.....#....
#....#.....#....
#....#.....#


You could see 5 yaks and 2 killer bees.


Message History

A killer bee comes into view. x2
The killer bee buzzes angrily.
You hear a bellow!
Uskayaw will no longer force your foes to helplessly watch your dance.
The killer bee stings you.
You see here a killer bee corpse.
Unknown command.
The killer bee misses you.
Unknown command.
You hear the crackle of electricity.
a - a +0 rapier of electrocution (weapon)
{short} The killer bee barely misses you.
You can no longer pass through a line of other dancers.
Unknown command.
Unknown command.
You closely miss the killer bee. Your bite misses the killer bee.
You puncture the killer bee! Your bite misses the killer bee.
You can now pass through a line of other dancers.
You hit the killer bee. Your bite misses the killer bee.
The killer bee closely misses you.
The killer bee stings you but does no damage. x2
The killer bee stings you!
You are poisoned.
The killer bee poisons you!
You puncture the killer bee!
You feel sick. The killer bee closely misses you.
The killer bee barely misses you.
Unknown command.
You puncture the killer bee!
You kill the killer bee!
You feel sick. The killer bee misses you.
Uskayaw will force your foes to helplessly watch your dance.
Unknown command.
Aiming: Line Pass
Press: ? - help, Dir - move target The killer bee appears confused. x2; The yak appears confused. 4 yaks come into view.
Uskayaw will no longer force your foes to helplessly watch your dance.
You feel sick.
The yak bellows! x2
The killer bee stings the yak but does no damage.
The killer bee barely misses the killer bee.
The yak snorts and paws the ground.
The killer bee closely misses the killer bee.
Unknown command.
Unknown command.
You catch the helpless killer bee completely off-guard!
You impale the killer bee!!
You kill the killer bee!
You feel sick.
The yak bellows!
Uskayaw will force your foes to helplessly watch your dance.
Unknown command.
You feel sick.
The yak seems less confused.
The killer bee seems less confused.
The killer bee misses you. The yak barely misses you.
Unknown command.
You feel sick. The killer bee stings you.
You are more poisoned.
The killer bee poisons you! The yak gores you!
The killer bee barely misses you. x2
You closely miss the killer bee.
You feel sick. The killer bee misses you. The killer bee stings you.
* * * LOW HITPOINT WARNING * * *
The yak gores you!
* * * LOW HITPOINT WARNING * * *
The yak bellows!
You hit the killer bee. You bite the killer bee. You drain its power.
You feel invigorated.
You feel sick.
The killer bee stings you but does no damage.
The killer bee closely misses you. The killer bee barely misses you. x2
The yak gores you.
* * * LOW HITPOINT WARNING * * *
Unknown command.
Unknown command.
Unknown command.
You miss the killer bee.
You feel sick. The killer bee misses you. The killer bee barely misses you.
Unknown command.
You hit the killer bee.
Lightning courses through the killer bee!
You feel sick. The killer bee stings you!
* * * LOW HITPOINT WARNING * * *
The killer bee barely misses you. The yak misses you.
The killer bee misses you. The killer bee barely misses you.
Uskayaw will force your foes to share their pain.
Uskayaw links your audience in an emotional bond!
Unknown command.
Okay, then.
Okay, then.
Unknown command.
You closely miss the killer bee.
You feel sick.
The killer bee stings you but does no damage.
The killer bee stings you.
* * * LOW HITPOINT WARNING * * *
The yak barely misses you. The yak gores you but does no damage.
Unknown command.
Okay, then.
Unknown command.
You completely miss the killer bee.
* * * LOW HITPOINT WARNING * * *
You feel sick. The killer bee stings you.
You die...

Skill      XL: |  1  2  3  4  5  6  7  8  9 |
---------------+----------------------------+-----
Fighting       | 2 3 4 5 |  5.0
Short Blades   | 3 4 5 6 7 9 |  9.0
Ranged Weapons | 1 2 3 4 6 |  6.5
Invocations    | 1 2 3 |  3.0
Throwing       | |  1.7
Dodging        | |  2.4

Action                   |  1- 3 |  4- 6 |  7- 9 || total
-------------------------+-------+-------+-------++-------
Melee: Rapier            |    48 |    31 |   132 ||   211
       Bite              |    13 |     5 |    40 ||    58
       Punch             |     1 |     1 |     2 ||     4
 Fire: Sling             |    24 |    59 |     8 ||    91
       Shortbow          |       |       |    67 ||    67
Invok: Line Pass         |       |       |     3 ||     3
  Use: Scroll            |       |    13 |     2 ||    15
 Stab: Sleeping          |       |     1 |       ||     1
       Paralysed         |       |       |     7 ||     7
       Confused          |       |       |     3 ||     3
Armor: Leather armour    |    19 |     8 |    47 ||    74
Dodge: Dodged            |    38 |    17 |   104 ||   159

Levels and vault maps discovered:
D:1:      eino_arrival_water_star, layout_basic,
          shapermc_ecumenical_altar_mp_urbaneastern, hangedman_decor_slide_cut
D:2:      layout_loops_ring
D:3:      layout_basic, xom_butterflies, minmay_misc_feat_more_columns,
          uniq_jessica
D:4:      layout_basic, nicolae_overflow_quartered_altars
D:5:      layout_cave_pools, tgw_kikubaaqudgha, minmay_temple_entry_slanted,
          minmay_manual_moon
D:6:      layout_basic, nzn_wu_jian_contemplation
D:8:      layout_basic, overflow_temple_1_default, lair_entry_dummy, uniq_erica,
          uniq_psyche, uniq_maggie, uniq_maurice
D:9:      layout_grid_maze

Notes
Turn   | Place    | Note
-------+----------+-------------------------------------------
     0 | D:1      | Sobieck the Vine Stalker Gladiator began the quest for the
                  | Orb.
     0 | D:1      | Reached XP level 1. HP: 11/11 MP: 2/2
   211 | D:1      | Reached skill level 2 in Fighting
   211 | D:1      | Reached skill level 3 in Short Blades
   211 | D:1      | Reached XP level 2. HP: 12/15 MP: 3/3
   511 | D:1      | Found a faded altar of an unknown god.
  1420 | D:2      | Reached XP level 3. HP: 18/18 MP: 4/4
  2120 | D:2      | HP: 2/19 [gnoll/+0 halberd (5)]
  2122 | D:2      | Gained mutation: Your natural rate of healing is unusually
                  | fast. [Vine Stalker growth]
  2122 | D:2      | Reached XP level 4. HP: 3/23 MP: 1/5
  2202 | D:3      | Reached skill level 1 in Ranged Weapons
  2463 | D:3      | Noticed Jessica
  2466 | D:3      | Killed Jessica
  2510 | D:3      | Reached skill level 4 in Short Blades
  2533 | D:3      | Found a shimmering altar of Xom.
  2879 | D:4      | Found a snail-covered altar of Cheibriados.
  2880 | D:4      | Found a shimmering blue altar of Sif Muna.
  2880 | D:4      | Found a hide-covered altar of Uskayaw.
  2892 | D:4      | Found a sacrificial altar of Ru.
  2896 | D:4      | Became a worshipper of Uskayaw the Reveller
  2959 | D:4      | Reached * piety under Uskayaw
  3005 | D:4      | Reached ** piety under Uskayaw
  3012 | D:4      | Reached XP level 5. HP: 23/28 MP: 3/6
  3710 | D:5      | Entered Level 5 of the Dungeon
  3715 | D:5      | Reached skill level 3 in Fighting
  3728 | D:5      | Found a staircase to the Ecumenical Temple.
  3745 | D:5      | Reached skill level 2 in Ranged Weapons
  3745 | D:5      | Reached skill level 1 in Invocations
  3745 | D:5      | Reached XP level 6. HP: 32/32 MP: 5/7
  3959 | D:5      | Noticed a water moccasin
  3970 | D:5      | Killed a water moccasin
  3970 | D:5      | Reached *** piety under Uskayaw
  3971 | D:5      | Reached skill level 5 in Short Blades
  3971 | D:5      | Reached XP level 7. HP: 27/36 MP: 9/9
  4035 | D:5      | Reached skill level 2 in Invocations
  4049 | D:5      | You pick up a book of Misfortune and begin reading...
  4049 | D:5      | You add the spells Confusing Touch, Yara's Violent
                  | Unravelling and Enfeeble to your library.
  4066 | D:5      | Noticed a yak
  4082 | D:5      | Reached **** piety under Uskayaw
  4083 | D:5      | Killed a yak
  4084 | D:5      | Reached skill level 4 in Fighting
  4084 | D:5      | Reached skill level 3 in Ranged Weapons
  4161 | D:5      | Reached skill level 6 in Short Blades
  4161 | D:5      | Gained mutation: You have razor-sharp teeth. [Vine Stalker
                  | growth]
  4161 | D:5      | Reached XP level 8. HP: 42/42 MP: 11/11
  4283 | D:5      | Reached skill level 3 in Invocations
  4289 | D:5      | HP: 7/42 [ogre/+0 giant club (20)]
  4410 | D:5      | Found an ancient bone altar of Kikubaaqudgha.
  4616 | D:6      | Reached skill level 4 in Ranged Weapons
  4655 | D:6      | Reached skill level 7 in Short Blades
  4676 | D:6      | Found an ornate altar of the Wu Jian Council.
  4965 | D:6      | Reached skill level 5 in Fighting
  4983 | D:6      | Reached XP level 9. HP: 42/47 MP: 9/12
  5087 | D:6      | Reached skill level 8 in Short Blades
  5167 | D:6      | You fall into a shaft and drop 3 floors!
  5253 | D:9      | Reached skill level 5 in Ranged Weapons
  5349 | D:9      | Reached ***** piety under Uskayaw
  5385 | D:8      | Found an opulent altar of Gozag.
  5393 | D:8      | Reached skill level 9 in Short Blades
  5411 | D:8      | Noticed Erica
  5548 | D:9      | Reached skill level 6 in Ranged Weapons
  5567 | D:9      | HP: 11/47 [poisoned by a killer bee]
  5569 | D:9      | HP: 3/47 [killer bee (4)]
  5570 | D:9      | HP: 1/47 [killer bee (2)]
  5571 | D:9      | Slain by a killer bee

Vanquished Creatures
  6 yaks
  2 water moccasins
  An orc warrior (D:6)
  An ogre (D:5)
  A sky beast (D:6)
  3 black bears (D:5)
  2 centaurs
  A phantom (D:5)
  2 bullfrogs
  A necrophage (D:5)
  4 scorpions
  3 killer bees (D:9)
  4 hounds
  2 orc priests (D:6)
  Jessica (D:3)
  3 iguanas
  3 orc wizards
  3 gnolls
  4 adders
  2 white imps
  3 worms
  2 dart slugs
  15 orcs
  3 ball pythons
  2 bats
  3 endoplasms (D:4)
  5 giant cockroaches
  6 goblins
  2 hobgoblins
  2 quokkas
  A frilled lizard (D:2)
  4 kobolds
  4 rats
101 creatures vanquished.

Vanquished Creatures (others)
  A human (D:5)
1 creature vanquished.

Grand Total: 102 creatures vanquished

Table legend:
 A = Non-vault XP
 B = Vault XP
 C = Vault XP percentage of total XP
 D = Non-vault monster count
 E = Vault monster count
 F = Vault count percentage of total count
                 A         B        C        D         E       F
            +---------+---------+-------+---------+---------+-------
      Total |    3562 |     616 |  14.7 |      94 |       7 |   6.9
            +---------+---------+-------+---------+---------+-------
        D:1 |      24 |       0 |   0.0 |      12 |       0 |   0.0
        D:2 |      40 |       0 |   0.0 |       6 |       0 |   0.0
        D:3 |      50 |      37 |  42.5 |      12 |       1 |   7.7
        D:4 |      65 |       0 |   0.0 |      10 |       0 |   0.0
        D:5 |    1024 |     579 |  36.1 |      20 |       6 |  23.1
        D:6 |     900 |       0 |   0.0 |      20 |       0 |   0.0
        D:8 |      95 |       0 |   0.0 |       4 |       0 |   0.0
        D:9 |    1364 |       0 |   0.0 |      10 |       0 |   0.0
            +---------+---------+-------+---------+---------+-------

Illustrated notes

Table legend:
 A = Kills in this place as a percentage of kills in entire the game.
 B = Kills by you in this place as a percentage of kills by you in the entire game.
 C = Kills by friends in this place as a percentage of kills by friends in the entire game.
 D = Other kills in this place as a percentage of other kills in the entire game.
 E = Experience gained in this place as a percentage of experience gained in the entire game.
 F = Experience gained in this place divided by the number of levels of this place that you have seen.
                   A       B       C       D       E      F
               +-------+-------+-------+-------+-------+----------------------
         Total | 100.0 | 100.0 |   N/A |   N/A | 100.0 | 522.2
       Dungeon | 100.0 | 100.0 |   N/A |   N/A | 100.0 | 522.2
               +-------+-------+-------+-------+-------+----------------------

Table legend: (Time is in decaauts)
 A = Elapsed time spent in this place.
 B = Non-inter-level travel time spent in this place.
 C = Inter-level travel time spent in this place.
 D = Time resting spent in this place.
 E = Time spent auto-exploring this place.
 F = Levels seen in this place.
 G = Mean time per level.
                   A        B        C        D        E       F      G
               +--------+--------+--------+--------+--------+-----+--------+
         Total |   5582 |   5388 |    194 |    273 |   4238 |   8 |  697.8 |
       Dungeon |   5582 |   5388 |    194 |    273 |   4238 |   8 |  697.8 |
               +--------+--------+--------+--------+--------+-----+--------+

Top non-repeatable levels by time:
     D:1: 1023 daAuts
     D:3: 976 daAuts
     D:4: 967 daAuts
     D:2: 827 daAuts
     D:5: 816 daAuts
     D:6: 565 daAuts
     D:9: 353 daAuts
     D:8: 52 daAuts
